 Dungeon Crawl Stone Soup version 0.13.1-2-gfb2c2b7 (webtiles) character file.

366 Lilouch the Skirmisher (level 6, 0/47 HPs)
             Began as a Demonspawn Chaos Knight on Dec 11, 2013.
             Was a Plaything of Xom.
             Killed by divine providence
             ... invoked by an orc priest
              (16 damage)
             ... on Level 5 of the Dungeon.
             The game lasted 00:12:41 (3099 turns).

Lilouch the Skirmisher (Demonspawn Chaos Knight)    Turns: 3099, Time: 00:12:41

HP   0/47        AC  7     Str 14      XL: 6   Next: 21%
MP   8/8         EV  8     Int 13      God: Xom
Gold 47          SH 16     Dex 13      Spells:  0 memorised,  5 levels left

Res.Fire  : . . .   See Invis. : .   r - +0,+2 spear
Res.Cold  : . . .   Warding    : .   b - +2 leather armour
Life Prot.: . . .   Conserve   : .   k - +0 shield
Res.Poison: .       Res.Corr.  : .   (no helmet)
Res.Elec. : .       Clarity    : .   i - +0 dwarf cloak
Sust.Abil.: . .     Spirit.Shd : .   t - +0 pair of gauntlets
Res.Mut.  : .       Stasis     : .   (no boots)
Res.Rott. : .       Flight     : .   n - amulet of rage
Saprovore : . . .                    v - ring of flight
                                     q - ring of regeneration

@: very slightly contaminated, slightly resistant to hostile enchantments, very
unstealthy
A: claws 1, spiny 2
a: Renounce Religion, Evoke Berserk Rage, Evoke Flight


You were on level 5 of the Dungeon.
You worshipped Xom.
You were a toy of Xom.
You were hungry.

You visited 1 branch of the dungeon, and saw 5 of its levels.

You collected 216 gold pieces.
You spent 189 gold pieces at shops.

Inventory:

Hand weapons
 a - a +0,+0 spear of chaos {=f}
 r - a +0,+2 spear (weapon)
Missiles
 f - 50 bolts
Armour
 b - a +2 leather armour (worn)
 i - a +0 dwarven cloak (worn)
 k - a +0 shield (worn)
 t - a +0 pair of gauntlets (worn)
Magical devices
 E - a wand of teleportation (6)
Comestibles
 c - 2 bread rations
 j - 2 rotting chunks of ogre flesh
 m - 2 meat rations
 C - an apple
 H - a choko
Scrolls
 e - 3 scrolls of recharging {unknown}
 h - a scroll of noise {unknown}
 l - 2 scrolls of remove curse
 p - 3 scrolls of enchant weapon I {unknown}
 x - 2 scrolls of identify
 y - a scroll of curse jewellery {unknown}
 z - a scroll of enchant armour {unknown}
 A - a scroll of teleportation
 B - a scroll of enchant weapon II {unknown}
 F - a scroll of fog {unknown}
Jewellery
 n - an amulet of rage (around neck)
 q - a ring of regeneration (left hand)
 v - a ring of flight (right hand)
Potions
 d - a potion of curing
 g - a potion of speed
 o - 3 potions of agility
 s - a potion of resistance
 u - a potion of magic
 D - 2 potions of heal wounds {unknown}
Books
 G - a book of Power

   Spells                             Type                      Level
   Iskenderun's Mystic Blast          Conjuration                  4
   Venom Bolt                         Conjuration/Poison           5
   Bolt of Magma                      Conjuration/Fire/Earth       5
   Fulminant Prism                    Conjuration/Hexes            5
   Iron Shot                          Conjuration/Earth            6
   Orb of Destruction                 Conjuration                  7


   Skills:
 * Level 4.8 Fighting
 + Level 3.6 Polearms
 + Level 2.9 Armour
 - Level 0.8 Dodging
 + Level 1.7 Shields
 + Level 2.2 Evocations


You had 5 spell levels left.
You didn't know any spells.

Dungeon Overview and Level Annotations

Branches:
Dungeon (5/27)
 Temple: D:4-7

Altars:
Kikubaaqudgha
Yredelemnul

Shops:
D:4 ?}

Annotations:
D:4 Lilouch's ghost, average DsCK
D:5 Grinder


Innate Abilities, Weirdness & Mutations

You have sharp fingernails.
You are mostly covered in sharp spines.


Message History

Okay, then.
Read which item? (? for menu, Esc to quit)
You hit the orc priest but do no damage.
The orc priest is heavily wounded.
The worker ant bites you but does no damage.
The worker ant bites you.
The orc priest hits you with an orcish flail.
Read which item? (? for menu, Esc to quit)
Blink to where?
Press: ? - help, Dir - move target cursor
As you read the scroll of blinking, it crumbles to dust.
You are very lightly contaminated with residual magic.
The bat hits you but does no damage. The bat is struck by your spines.
The bat barely misses you. You block the orc's attack.
A rat comes into view.
The orc hits you with an orcish flail.
The orc priest mumbles some strange prayers to Beogh against you.
Something smites you!
You die...
Xom chuckles heartily! r.S

?.... ...... .
##....###.
..........
.)........#
.#........#
.........@###.#
#......oob...#
#.....O.S#.###
#........#.#
.......##a#5#
.#..... #.#.#
..#....So.#.#
#..######.# #..
.#


You could see an ogre, a worker ant, an orc priest, 2 adders, 2 orcs, a bat and
a rat.

Vanquished Creatures
  An ogre (D:4)
  A hound (D:3)
  A worker ant (D:4)
  An orc wizard (D:3)
  4 adders (D:2)
  An inept feature mimic (D:2)
  A giant mite (D:4)
  An inept item mimic (D:3)
  6 orcs
  A ball python (D:2)
  11 bats
  2 giant cockroaches
  7 goblins
  12 hobgoblins
  11 jackals
  2 quokkas (D:3)
  2 giant newts
  A gnoll skeleton (D:4)
  12 kobolds
  11 rats
89 creatures vanquished.

Notes
Turn   | Place    | Note
--------------------------------------------------------------
     0 | D:1      | Lilouch, the Demonspawn Chaos Knight, began the quest for the Orb.
     0 | D:1      | Reached XP level 1. HP: 16/16 MP: 1/1
    87 | D:1      | Gained mutation: You are partially covered in sharp spines. [demonic ancestry]
    87 | D:1      | Reached XP level 2. HP: 15/22 MP: 2/2
    97 | D:1      | XOM: potion effect (brilliance)
   308 | D:1      | Gained mutation: You have sharp fingernails. [demonic ancestry]
   308 | D:1      | Reached XP level 3. HP: 16/28 MP: 3/3
   659 | D:1      | XOM: mild Trmt miscast
  1062 | D:2      | XOM: harmless Conj miscast
  1240 | D:2      | Gained mutation: You are mostly covered in sharp spines. [demonic ancestry]
  1240 | D:2      | Reached XP level 4. HP: 13/34 MP: 4/4
  1668 | D:2      | Reached skill level 1 in Shields
  1908 | D:2      | Reached skill level 1 in Evocations
  1929 | D:3      | Reached skill level 4 in Fighting
  2042 | D:3      | Reached XP level 5. HP: 37/40 MP: 6/6
  2064 | D:3      | XOM: divination: detect items
  2089 | D:3      | XOM: harmless Divn miscast
  2243 | D:3      | Found an ancient bone altar of Kikubaaqudgha.
  2243 | D:3      | Found a basalt altar of Yredelemnul.
  2659 | D:3      | XOM: divination: detect creatures
  2766 | D:4      | Found Paola's Magic Scroll Boutique.
  2779 | D:4      | Bought a scroll of blinking for 77 gold pieces
  2779 | D:4      | Bought a scroll of identify for 28 gold pieces
  2779 | D:4      | Bought a scroll of identify for 28 gold pieces
  2779 | D:4      | Bought a scroll of teleportation for 42 gold pieces
  2779 | D:4      | Bought a scroll of random uselessness for 14 gold pieces
  2787 | D:4      | Noticed an ogre
  2787 | D:4      | XOM: harmless Ice miscast
  2793 | D:4      | XOM: potion effect (brilliance)
  2796 | D:4      | Killed an ogre
  2796 | D:4      | Reached XP level 6. HP: 14/47 MP: 8/8
  2800 | D:4      | XOM: harmless Hex miscast
  3017 | D:4      | Found Fraocsab's Gadget Emporium.
  3060 | D:4      | Noticed Lilouch's ghost (average DsCK)
  3068 | D:4      | XOM: potion effect (heal wounds)
  3073 | D:5      | Entered Level 5 of the Dungeon
  3073 | D:5      | Noticed Grinder
  3099 | D:5      | Killed from afar by an orc priest

Action                   |  1- 3 |  4- 6 || total
-------------------------+-------+-------++-------
Melee: Spear             |   126 |   208 ||   334
 Abil: Evoke Berserk Rag |     1 |       ||     1
Evoke: Wand              |       |     1 ||     1
  Use: Scroll            |       |     9 ||     9
